 Dungeon Crawl Stone Soup version 0.20-a0-421-gf6b327c (webtiles) character file.

453 BattleRest the Skirmisher (level 6, 56/56 HPs)
             Began as a Minotaur Fighter on Dec 30, 2016.
             Quit the game in a sewer on Dec 31, 2016.
             The game lasted 00:09:44 (3081 turns).

BattleRest the Skirmisher (Minotaur Fighter)        Turns: 3081, Time: 00:09:45

Health: 56/56      AC:  7    Str: 28    XL:     6   Next: 75%
Magic:  5/5        EV:  8    Int:  5    God:
Gold:   91         SH: 11    Dex: 10    Spells: 5/5 levels left

rFire  . . .     SeeInvis .     a - +0 flail
rCold  . . .     Gourm    .     b - +0 scale mail
rNeg   . . .     Faith    .     c - +0 shield
rPois  .         Spirit   .     (helmet restricted)
rElec  .         Reflect  .     (no cloak)
rCorr  .         Harm     .     (no gloves)
MR     .....                    (no boots)
Stlth  ..........               (no amulet)
                                (no ring)
                                o - +6 ring of strength

@: no status effects
A: retaliatory headbutt, horns 2
a: no special abilities


You were in a sewer.
You were hungry.

You visited 1 branch of the dungeon, and saw 4 of its levels.
You also visited: Sewer.

You collected 91 gold pieces.

Inventory:

Hand Weapons
 a - a +0 flail (weapon)
Armour
 b - a +0 scale mail (worn)
 c - a +0 shield (worn)
Jewellery
 o - a +6 ring of strength (left hand)
Scrolls
 e - 5 scrolls of identify {unknown}
 h - 2 scrolls of teleportation {unknown}
 j - 4 scrolls of remove curse {unknown}
 k - a scroll of amnesia {unknown}
 m - a scroll of fog {unknown}
 n - a scroll of enchant armour {unknown}
 p - a scroll of immolation {unknown}
 t - a scroll of noise {unknown}
 u - a scroll of blinking {unknown}
Potions
 d - 2 potions of might
 g - a potion of invisibility {unknown}
 i - 2 potions of mutation {unknown}
 l - a potion of brilliance {unknown}
 r - a potion of agility {unknown}
 v - 4 potions of flight {unknown}
Comestibles
 f - 2 bread rations
 q - a slice of pizza
 s - 2 meat rations


   Skills:
 + Level 5.6 Fighting
 + Level 4.7 Maces & Flails
 + Level 5.5 Armour
 + Level 5.6 Shields


You had 5 spell levels left.
You didn't know any spells.

Dungeon Overview and Level Annotations

Branches:
Dungeon (4/15)
 Temple: D:4-7

Altars:
Nemelex Xobeh
Qazlal
Trog
Xom


Innate Abilities, Weirdness & Mutations

You reflexively headbutt those who attack you in melee.
You have a pair of horns on your head.


Message History

Moving in this stuff is going to be slow.
There is an empty arch of ancient stone here.
Save game and exit? [Y]es or [N]o only, please.
Save game and exit? [Y]es or [N]o only, please.
Save game and exit? [Y]es or [N]o only, please.
Save game and exit?
Welcome back, BattleRest the Minotaur Fighter.
Press ? for a list of commands and other information.
Welcome back, BattleRest the Minotaur Fighter.
Press ? for a list of commands and other information.
There is a gate leading back out of this place here.
Are you sure you want to abandon this character and quit the game? (Confirm with "yes".)
Okay, then.
Unknown command.
Search for what [? for help]?
Okay, then.
Are you sure you want to abandon this character and quit the game? (Confirm with "yes".)

####.≈≈≈.####
####.≈≈≈.####
#..'.≈≈≈.[..#
####.≈≈≈.####
####.≈≈≈.####
#..'.≈≈≈.'..#
####.≈≈≈.####
####.≈≈≈.####
#@....∩..'..#
####.≈≈≈.####
####.≈≈≈.####
#).'.≈≈≈.†..#
####.≈≈≈.####
####.≈≈≈.####
#).'.≈≈≈.'..#
####.≈≈≈.####
####.≈≈≈.####


There were no monsters in sight!

Vanquished Creatures
  A hungry ghost (D:3)
  Purgy (Sewer)
  Natasha (thrice) (D:2)
  6 adders
  5 worms
  5 dart slugs
  4 leopard geckos
  An orc (D:4)
  3 giant cockroaches
  4 hobgoblins
  11 jackals
  8 kobolds
  7 bats
  4 frilled lizards
  7 goblins
  5 rats
75 creatures vanquished.

Notes
Turn   | Place    | Note
-------+----------+-------------------------------------------
     0 | D:1      | BattleRest the Minotaur Fighter began the quest for the Orb.
     0 | D:1      | Reached XP level 1. HP: 19/19 MP: 0/0
   182 | D:1      | Reached XP level 2. HP: 27/27 MP: 1/1
   658 | D:1      | Reached XP level 3. HP: 24/33 MP: 2/2
  1302 | D:2      | Noticed Natasha
  1308 | D:2      | Killed Natasha
  1308 | D:2      | Reached XP level 4. HP: 34/40 MP: 3/3
  1623 | D:2      | Found a sparkling altar of Nemelex Xobeh.
  1725 | D:2      | Noticed Natasha
  1736 | D:2      | Killed Natasha
  1973 | D:2      | Found a stormy altar of Qazlal.
  1978 | D:2      | Found a shimmering altar of Xom.
  2146 | D:2      | Reached XP level 5. HP: 46/47 MP: 4/4
  2283 | D:2      | Noticed a moth of wrath
  2284 | D:2      | Noticed Natasha
  2295 | D:2      | Killed Natasha
  2426 | D:2      | Found a bloodstained altar of Trog.
  2651 | D:2      | You fall through a shaft for 2 floors!
  2653 | D:4      | Reached skill level 5 in Armour
  2683 | D:3      | Noticed a hungry ghost
  2685 | D:3      | Reached skill level 5 in Fighting
  2700 | D:3      | Killed a hungry ghost
  2700 | D:3      | Reached skill level 5 in Shields
  2700 | D:3      | Reached XP level 6. HP: 47/56 MP: 5/5
  2816 | D:3      | Found a glowing drain.
  2821 | Sewer    | Entered a sewer
  2910 | Sewer    | Noticed Purgy
  2922 | Sewer    | Killed Purgy
  3076 | Sewer    | Upgraded the game from 0.20-a0-390-g4892b34 to 0.20-a0-421-gf6b327c
  3081 | Sewer    | Quit the game

Vault maps used:
D:1:      roderic_crossed_star
D:2:      tgw_trog, overflow_temple_1_default, minitemple, first_bread,
          serial_bayou_crossing, uniq_natasha
D:3:      led_sif_book, ashenzari_conservatory_becter,
          lightli_sewer_entry_pipes, eino_tiny_chamber, uniq_jessica
D:4:      fedhas_bush_and_centaur_altar, uniq_menkaure, uniq_eustachio
Sewer:    kennysheep_door_sewer

Skill      XL: |  1  2  3  4  5 |
---------------+----------------+-----
Armour         | 4 5 |  5.5
Fighting       | 4 5 |  5.6
Maces & Flails | 3 4 |  4.7
Shields        | 4 5 |  5.6

Action                   |  1- 3 |  4- 6 || total
-------------------------+-------+-------++-------
Melee: Flail             |    98 |   112 ||   210
       Headbutt          |     9 |    17 ||    26
  Eat: Chunk             |     1 |     6 ||     7
       Bread ration      |       |     1 ||     1
Armor: Scale mail        |    49 |    46 ||    95
Dodge: Dodged            |    37 |    34 ||    71
Block: Shield            |    71 |    53 ||   124
